 Dungeon Crawl Stone Soup version 0.30-a0-1066-g63dfefce0d (webtiles) character file.

Game seed: 7000976057191901926

9487 KarmaKiller the Cleaver (level 11, -1/83 HPs)
             Began as a Demonspawn Gladiator on Apr 12, 2023.
             Was an Elder of Fedhas.
             Slain by a tengu warrior
             ... wielding a +3 war axe
              (9 damage)
             ... on level 10 of the Dungeon.
             The game lasted 01:10:06 (10679 turns).

KarmaKiller the Cleaver (Demonspawn Gladiator)     Turns: 10679, Time: 01:10:06

Health: -1/83      AC: 13    Str: 17    XL:     11   Next: 23%
Magic:  11/11      EV:  7    Int: 14    God:    Fedhas [****..]
Gold:   361        SH:  5    Dex: 20    Spells: 10/10 levels left

rFire   . . .      SeeInvis .    C - +6 hand axe "Noitz" {spect, +Blink Int+5 Dex+3}
rCold   . . .      Faith    .    P - +0 buckler
rNeg    . . .      Spirit   .    F - +0 plate armour
rPois   +          Reflect  .    (helmet restricted)
rElec   .          Rampage  .    k - scarf {repulsion}
rCorr   +                        (no gloves)
Will    .....                    (boots unavailable) Stlth
                                 U - amulet of regeneration
HPRegen 1.13/turn                s - ring of resist corrosion
MPRegen 0.12/turn                R - ring of poison resistance

@: about to teleport, repel missiles
A: claws 1, hooves 3, horns 2, powered by death 1
a: Renounce Religion, Evoke Blink, Wall of Briars, Grow Ballistomycete, Overgrow


You were on level 10 of the Dungeon.
You worshipped Fedhas.
Fedhas was greatly pleased with you.
You visited 1 branch of the dungeon, and saw 10 of its levels.
You also visited: Sewer.

You collected 591 gold pieces.
You spent 230 gold pieces at shops.

Inventory:

Hand Weapons
 a - a +0 short sword of venom
 f - a +2 great sword
 g - a +5 short sword
 p - a +1 dagger of venom
 t - a +2 short sword of speed
 A - a +4 whip
 B - a +0 dire flail of protection
 C - the +6 hand axe "Noitz" (weapon) {spect, +Blink Int+5 Dex+3}
   (You found it on level 4 of the Dungeon)

   Int:       It affects your intelligence (+5).
   Dex:       It affects your dexterity (+3).
   +Blink:    It lets you blink.
 J - a +1 flail of protection
 L - a +1 whip of freezing
 S - a +2 halberd of flaming
Missiles
 c - 2 throwing nets
 d - a javelin
 v - 6 atropa-tipped darts (quivered)
 T - 9 poisoned darts
Armour
 k - a scarf of repulsion (worn)
 q - a +1 cloak
 x - a +0 chain mail of cold resistance
 F - a +0 plate armour (worn)
 P - a +0 buckler (worn)
Magical Staves
 Z - a staff of fire
Jewellery
 s - a ring of resist corrosion (left claw)
 w - a ring of ice
 N - a ring of fire
 R - a ring of poison resistance (right claw)
 U - an amulet of regeneration (around neck)
 W - a +6 ring of intelligence
Wands
 m - a wand of polymorph (9)
 r - a wand of flame (10)
 z - a wand of roots (3)
 Y - a wand of acid (4)
Scrolls
 h - a scroll of vulnerability {unknown}
 i - 2 scrolls of poison
 j - 3 scrolls of teleportation
 l - a scroll of summoning {unknown}
 y - a scroll of torment {unknown}
 E - 2 scrolls of immolation {unknown}
 H - a scroll of amnesia {unknown}
 I - 2 scrolls of fear {unknown}
 K - a scroll of enchant weapon
 V - 3 scrolls of fog {unknown}
Potions
 b - 2 potions of cancellation {unknown}
 e - a potion of attraction {unknown}
 o - 2 potions of mutation
 u - 3 potions of curing
 D - 3 potions of flight {unknown}
 G - 2 potions of resistance {unknown}
 M - 2 potions of might {unknown}
 O - a potion of lignification {unknown}
 Q - 6 potions of brilliance {unknown}
 X - a potion of degeneration {unknown}


   Skills:
 + Level 6.8 Fighting
 + Level 3.1 Short Blades
 + Level 10.4 Axes
 + Level 2.4 Throwing
 + Level 8.1 Armour
 + Level 4.5 Dodging
 + Level 3.3 Stealth
 + Level 2.4 Shields
 + Level 3.1 Unarmed Combat
 + Level 1.3 Evocations


You had 10 spell levels left.
You didn't know any spells.
Your spell library contained the following spells:

 Spells                   Type           Power      Damage    Failure   Level
 Foxfire                  Conj/Fire      0%         2x1d4     100%        1
 Summon Small Mammal      Summ           0%         N/A       100%        1
 Sublimation of Blood     Necr           0%         N/A       100%        2
 Wereblood                Tmut           0%         N/A       100%        2
 Call Canine Familiar     Summ           0%         N/A       100%        3
 Ignite Poison            Fire/Tmut/Pois 0%         N/A       100%        3
 Inner Flame              Hex/Fire       0%         N/A       100%        3
 Stone Arrow              Conj/Erth      0%         3d7       100%        3
 Summon Guardian Golem    Hex/Summ       0%         N/A       100%        3
 Animate Armour           Summ/Erth      0%         N/A       100%        4
 Flame Wave               Conj/Fire      0%         2d4       100%        4
 Sticky Flame             Conj/Fire      0%         2d3       100%        4
 Summon Ice Beast         Ice/Summ       0%         N/A       100%        4
 Fireball                 Conj/Fire      0%         3d3       100%        5
 Summon Mana Viper        Hex/Summ       0%         N/A       100%        5
 Plasma Beam              Fire/Air       0%         2x1d11    100%        6
 Starburst                Conj/Fire      0%         6d3       100%        6
 Monstrous Menagerie      Summ           0%         N/A       100%        7
 Summon Hydra             Summ           0%         N/A       100%        7
 Ignition                 Fire           0%         3d3       100%        8
 Lehudib's Crystal Spear  Conj/Erth      0%         10d2      100%        8


Dungeon Overview and Level Annotations

Branches:
Dungeon (10/15)            Temple (0/1) D:7            Lair (0/5) D:9
    Orc (0/2) D:9           Sewer (visited)

Altars:
Fedhas
Nemelex Xobeh
Ru
Sif Muna
Trog
Wu Jian

Shops:
D:3 !   D:10 *


Innate Abilities, Weirdness & Mutations

You have sharp fingernails.
You have hooves in place of feet.
You have a pair of horns on your head.
You regenerate a little health from kills.


Message History

The tengu warrior blocks your +6 hand axe "Noitz" {spect, +Blink Int+5 Dex+3}'s attack.
The tengu warrior hits you with a +3 war axe!
The tengu warrior completely misses your +6 hand axe "Noitz" {spect, +Blink Int+5 Dex+3}.
The tengu warrior pecks you but does no damage.
You block the tengu warrior's attack.
You slash the tengu warrior!
The tengu warrior is heavily wounded.
Your +6 hand axe "Noitz" {spect, +Blink Int+5 Dex+3} completely misses the tengu warrior.
The tengu warrior hits you with a +3 war axe.
The tengu warrior hits your +6 hand axe "Noitz" {spect, +Blink Int+5 Dex+3} with a +3 war axe!
Your spectral weapon shares its damage with you!
The tengu warrior pecks you. You block the tengu warrior's attack.
You miss the tengu warrior. You kick the tengu warrior!
The tengu warrior is heavily wounded.
Your +6 hand axe "Noitz" {spect, +Blink Int+5 Dex+3} hits the tengu warrior.
The tengu warrior hits you with a +3 war axe!
The tengu warrior hits your +6 hand axe "Noitz" {spect, +Blink Int+5 Dex+3} with a +3 war axe!
Your spectral weapon shares its damage with you!
* * * LOW HITPOINT WARNING * * *
You block the tengu warrior's attack. The tengu warrior barely misses you.
You feel better.
The tengu warrior hits you with a +3 war axe!
You block the tengu warrior's attack.
The tengu warrior claws you but does no damage.
You slash the tengu warrior! Your headbutt misses the tengu warrior.
The tengu warrior is severely wounded.
Your +6 hand axe "Noitz" {spect, +Blink Int+5 Dex+3} hits the tengu warrior!
The tengu warrior hits you with a +3 war axe!
* * * LOW HITPOINT WARNING * * *
The tengu warrior hits your +6 hand axe "Noitz" {spect, +Blink Int+5 Dex+3} with a +3 war axe!
Your spectral weapon shares its damage with you!
* * * LOW HITPOINT WARNING * * *
The tengu warrior pecks you.
* * * LOW HITPOINT WARNING * * *
The tengu warrior claws you but does no damage.
As you read the scroll of teleportation, it crumbles to dust.
You feel strangely unstable.
The tengu warrior hits you with a +3 war axe!
You die...
Fedhas appreciates your contribution to the ecosystem.

#..##############.##..#########.
##................#......#..)...
#.?#############........#......
######## ###.#########..#
#..###########....#(.......
#.................#........
#######.#####..#######..###
#..#####..........#
##..@§######..#####
##############Q..##...##
#.......#.Q....#.##.###
###..##........#..#.#
##.###.......##...###
#.####......####...#####
#..###......######.....####
##..>####.###.....####....†.
##................<###.......


You could see a tengu warrior.

Vanquished Creatures
  Gastronok (D:8)
  A boulder beetle (D:10)
  A tengu warrior (D:10)
  Maggie (D:7)
  2 trolls
  2 hornets (D:10)
  Grinder (Sewer)
  2 wyverns
  12 yaks
  A basilisk (D:9)
  Menkaure (D:7)
  Edmund (D:5)
  An acid dragon (D:8)
  4 orc warriors
  3 sky beasts
  A black bear (D:9)
  An ogre (D:5)
  4 centaurs
  A phantom (D:6)
  4 kobold brigands
  5 bullfrogs
  4 scorpions
  5 wights (D:10)
  6 killer bees
  A howler monkey (D:9)
  2 jellies (D:7)
  2 quasits (Sewer)
  A hound (D:5)
  A gnoll bouda (D:6)
  5 orc priests
  An iguana (D:6)
  Terence (D:3)
  Natasha (thrice) (D:2)
  4 orc wizards
  A mummy (D:4)
  15 gnolls
  A river rat (D:6)
  5 adders
  4 shadow imps
  6 ufetubi (Sewer)
  3 worms
  A dart slug (D:2)
  43 orcs
  4 endoplasms
  9 giant cockroaches
  6 goblins
  7 hobgoblins
  4 jackals (D:4)
  33 kobolds
  2 quokkas (D:2)
  8 ball pythons
  5 bats
  2 frilled lizards (D:2)
  4 kobold zombies
  An orc zombie (D:4)
  7 rats
257 creatures vanquished.

Vanquished Creatures (others)
  An adder zombie (Sewer)
  An endoplasm (Sewer)
  A kobold zombie (Sewer)
3 creatures vanquished.

Grand Total: 260 creatures vanquished

Notes
Turn   | Place    | Note
-------+----------+-------------------------------------------
     0 | D:1      | KarmaKiller the Demonspawn Gladiator began the quest for
                  | the Orb.
     0 | D:1      | Reached XP level 1. HP: 16/16 MP: 1/1
   297 | D:1      | Discovered your monstrous ancestry.
   297 | D:1      | Gained mutation: You have large cloven feet. [demonic
                  | ancestry]
   297 | D:1      | Reached XP level 2. HP: 22/22 MP: 2/2
   478 | D:1      | Found a faded altar of an unknown god.
  1260 | D:2      | Gained mutation: You have hoof-like feet. [demonic
                  | ancestry]
  1260 | D:2      | Reached XP level 3. HP: 27/27 MP: 3/3
  1598 | D:2      | Noticed Natasha
  1608 | D:2      | Killed Natasha
  1609 | D:2      | Reached skill level 1 in Armour
  1610 | D:2      | Reached XP level 4. HP: 9/33 MP: 4/4
  1637 | D:2      | Noticed Natasha
  1661 | D:2      | Killed Natasha
  1662 | D:2      | Reached skill level 1 in Short Blades
  1821 | D:2      | Noticed Natasha
  1835 | D:2      | Killed Natasha
  2179 | D:3      | Gained mutation: You regenerate a little health from kills.
                  | [demonic ancestry]
  2179 | D:3      | Reached XP level 5. HP: 39/39 MP: 5/5
  2286 | D:3      | Noticed Terence
  2300 | D:3      | Killed Terence
  2821 | D:3      | Found Xikeux's Distillery.
  2827 | D:3      | Bought a potion of heal wounds for 70 gold pieces
  2827 | D:3      | Bought a potion of berserk rage for 70 gold pieces
  3085 | D:4      | Identified the +6 hand axe "Noitz" {spect, +Blink Int+5
                  | Dex+3}
  3216 | D:4      | Gained mutation: You have a pair of small horns on your
                  | head. [demonic ancestry]
  3216 | D:4      | Reached XP level 6. HP: 34/46 MP: 6/6
  3454 | D:4      | Found a blossoming altar of Fedhas.
  3541 | D:4      | Became a worshipper of Fedhas Madash
  3795 | D:5      | Entered Level 5 of the Dungeon
  3955 | D:5      | Reached skill level 1 in Axes
  4002 | D:5      | Found a bloodstained altar of Trog.
  4019 | D:5      | Reached skill level 1 in Stealth
  4060 | D:5      | Noticed Edmund
  4073 | D:5      | Killed Edmund
  4074 | D:5      | Reached XP level 7. HP: 18/52 MP: 7/7
  4089 | D:5      | Reached skill level 2 in Axes
  4578 | D:6      | Reached skill level 3 in Axes
  4907 | D:6      | Gained mutation: You have hooves in place of feet. [demonic
                  | ancestry]
  4907 | D:6      | Reached XP level 8. HP: 15/58 MP: 8/8
  4982 | D:6      | Found Zin's Purification Station.
  4988 | D:6      | Bought a potion of curing for 90 gold pieces
  5143 | D:6      | Reached * piety under Fedhas
  5152 | D:6      | Found a glowing drain.
  5163 | Sewer    | Entered a sewer
  5255 | Sewer    | Reached skill level 4 in Axes
  5288 | Sewer    | Identified the +3 leather armour of the Moon {rC+}
  5295 | Sewer    | Noticed Grinder
  5298 | Sewer    | Found a burning altar of Makhleb.
  5304 | Sewer    | Killed Grinder
  5458 | Sewer    | Reached ** piety under Fedhas
  5459 | Sewer    | Reached skill level 5 in Axes
  6128 | D:6      | Noticed a cyan ugly thing
  6129 | D:6      | Noticed a kobold demonologist
  6209 | D:6      | Found a shimmering blue altar of Sif Muna.
  6511 | D:7      | Reached skill level 5 in Armour
  6611 | D:7      | Noticed Maggie
  6617 | D:7      | Noticed Menkaure
  6665 | D:7      | Killed Maggie
  6666 | D:7      | Reached skill level 6 in Axes
  6666 | D:7      | Gained mutation: You have a pair of horns on your head.
                  | [demonic ancestry]
  6666 | D:7      | Reached XP level 9. HP: 62/66 MP: 9/9
  6696 | D:7      | Killed Menkaure
  6973 | D:7      | Reached skill level 7 in Axes
  7091 | D:7      | Found a staircase to the Ecumenical Temple.
  7775 | D:8      | Noticed Gastronok
  7796 | D:8      | Killed Gastronok
  7797 | D:8      | Reached skill level 5 in Fighting
  7797 | D:8      | Reached skill level 8 in Axes
  7797 | D:8      | Reached skill level 1 in Evocations
  7797 | D:8      | Reached XP level 10. HP: 63/74 MP: 10/10
  8186 | D:9      | Found a staircase to the Lair.
  8206 | D:9      | Reached *** piety under Fedhas
  8212 | D:9      | Reached skill level 1 in Shields
  8245 | D:9      | Found a sparkling altar of Nemelex Xobeh.
  8332 | D:9      | Reached skill level 9 in Axes
  8341 | D:9      | Found a staircase to the Orcish Mines.
  8388 | D:9      | Reached **** piety under Fedhas
  9251 | D:10     | Entered Level 10 of the Dungeon
  9545 | D:10     | Found Ihakuda's Demolitions Depot.
  9692 | D:10     | Found a sacrificial altar of Ru.
  9763 | D:10     | Noticed a boulder beetle
  9784 | D:10     | Killed a boulder beetle
  9785 | D:10     | Gained mutation: You have sharp fingernails. [demonic
                  | ancestry]
  9785 | D:10     | Reached XP level 11. HP: 18/83 MP: 11/11
  9865 | D:10     | Found an ornate altar of the Wu Jian Council.
  9928 | D:10     | Reached skill level 10 in Axes
 10361 | D:10     | Noticed a tengu warrior
 10365 | D:10     | Noticed a tengu warrior
 10540 | D:10     | Killed a tengu warrior
 10679 | D:10     | Slain by a tengu warrior

Illustrated notes

Levels and vault maps discovered:
D:1:      amcnicky_arrival_abandoned_market, layout_loops_corners,
          hellmonk_ecumenical_altar_run_dry, serial_park_tiny_1,
          serial_park_tiny_pond, minmay_unequal
D:2:      layout_rooms, minmay_ruptured, uniq_natasha
D:3:      layout_basic, serial_shops, nicolae_shop_stone, uniq_terence
D:4:      layout_cave_pools, mainiacjoe_overflow_cross_hatched,
          minmay_mini_ossuary
D:5:      layout_rooms, bloody_trog, kennysheep_generic_room_11, uniq_edmund
D:6:      layout_loops_corners, led_sif_pool, zin_purify, portal_sewer_entry_b,
          minmay_misc_feat_nine_boxes, lightli_corner_chamber
D:7:      layout_cave_pools, lemuel_temple_firewalk_b, uniq_menkaure,
          uniq_maggie
D:8:      layout_basic, uniq_gastronok
D:9:      layout_loops_cross, mainiacjoe_overflow_paths, david_lair_generic,
          david_orc_5
D:10:     layout_rooms, lemuel_round_altar, mainiacjoe_overflow_small_starburst,
          serial_shops, kennysheep_little_box, nrook_mini_vaults,
          small_statue_alley_b, nicolae_blasting_shop,
          hangedman_abyss_or_decor_stagger, minivault_19

Skill      XL: |  1  2  3  4  5  6  7  8  9 10 11 |
---------------+----------------------------------+-----
Throwing       | 2 |  2.4
Dodging        | 3 4 |  4.5
Unarmed Combat | 3 |  3.1
Armour         | 1 2 3 4 5 6 7 8 |  8.1
Short Blades   | 1 2 3 |  3.1
Axes           | 1 3 6 8 9 10 | 10.4
Fighting       | 3 4 5 6 |  6.8
Stealth        | 1 2 3 |  3.3
Evocations     | 1 |  1.3
Shields        | 2 |  2.4

Action                     |  1- 3 |  4- 6 |  7- 9 | 10-12 || total
---------------------------+-------+-------+-------+-------++-------
  Melee: Short sword       |    67 |    71 |       |       ||   138
         Unarmed           |     2 |       |       |       ||     2
         Kick              |    17 |    56 |    77 |    80 ||   230
         Dagger            |    32 |    31 |       |       ||    63
         Punch             |     2 |     5 |     2 |       ||     9
         Hand axe          |       |    50 |   203 |   255 ||   508
         Headbutt          |       |     8 |    36 |    54 ||    98
  Throw: Throwing net      |       |     1 |       |       ||     1
         Dart              |       |       |     3 |       ||     3
Ability: Evoke Blink       |       |     1 |     3 |       ||     4
  Evoke: Wand              |       |       |       |     2 ||     2
    Use: Scroll            |     1 |     9 |     3 |     5 ||    18
         Potion            |       |       |    10 |     5 ||    15
   Stab: Distracted        |       |     1 |     1 |     2 ||     4
         Invisible         |       |       |     2 |       ||     2
 Armour: Leather armour    |     2 |       |       |       ||     2
         Ring mail         |    32 |    12 |       |       ||    44
         Scale mail        |       |     7 |       |       ||     7
         Chain mail        |       |    28 |       |       ||    28
         Plate armour      |       |    18 |   115 |   113 ||   246
  Dodge: Dodged            |    65 |    68 |    56 |    65 ||   254
  Block: Buckler           |       |       |    14 |    66 ||    80

Table legend: (Time is in decaauts)
 A = Elapsed time spent in this place.
 B = Non-inter-level travel time spent in this place.
 C = Inter-level travel time spent in this place.
 D = Time resting spent in this place.
 E = Time spent auto-exploring this place.
 F = Levels seen in this place.
 G = Mean time per level.
                   A        B        C        D        E       F      G
               +--------+--------+--------+--------+--------+-----+--------+
         Total |  10641 |  10641 |      0 |   1193 |      0 |  11 |  967.4 |
       Dungeon |  10102 |  10102 |      0 |   1114 |      0 |  10 | 1010.2 |
         Sewer |    538 |    538 |      0 |     79 |      0 |   1 |  538.0 |
               +--------+--------+--------+--------+--------+-----+--------+

Top non-repeatable levels by time:
     D:6: 1414 daAuts
    D:10: 1389 daAuts
     D:1: 1138 daAuts
     D:9: 1064 daAuts
     D:3: 1000 daAuts
     D:8: 915 daAuts
     D:2: 860 daAuts
     D:5: 782 daAuts
     D:7: 768 daAuts
     D:4: 768 daAuts
   Sewer: 538 daAuts
